AoeStats
← Skinny Sinny

Arabia

509333356Analyzed
3v3 RM · 6d ago on Sep 26, 2026· 34m 17s· 6 players
Game mode
Random Map
Map size
Normal (6 player)
Population
200
Speed
Normal
Resources
Standard
Victory
Conquest
Starting age
Dark Age
Ending age
Imperial Age
RankedLock teamsTeams togetherTeam positionsShared explorationLock speedFull tech treeHidden civsTurbo modeCheats
Victory
Defeat
🇩🇪 Ethiopians · Germany
1033
+13
🇩🇪 Mongols · Germany
990
+14
🇦🇺 Franks · Australia
965
+15
🇦🇺 Spanish · Australia
1142
-21
🇦🇺 Turks · Australia
1000
-45
🇦🇺 Saracens · Australia
724
-6
TwoHeadedTurtle
6:42 Loom
9:20 Feudal Age
11:20 Bloodlines
13:42 Forging
15:15 Wheelbarrow
15:11 Scale Barding Armor
19:59 Town Watch
23:14 Castle Age
22:32 Fletching
22:42 Padded Archer Armor
24:02 Bodkin Arrow
24:22 Leather Archer Armor
24:15 Thumb Ring
24:25 Light Cavalry
31:23 Ballistics
30:57 Double-Bit Axe
31:25 Horse Collar
33:54 Bow Saw
33:46 Heavy Plow
33:39 Gold Mining
Blijadmann
6:19 Loom
9:38 Feudal Age
10:14 Double-Bit Axe
14:13 Fletching
14:42 Gold Mining
18:19 Padded Archer Armor
26:27 Castle Age
26:41 Crossbowman
27:29 Thumb Ring
27:21 Bodkin Arrow
31:15 Ballistics
32:42 Leather Archer Armor
32:33 Horse Collar
34:23 Bow Saw
35:02 Wheelbarrow
34:14 Town Watch
1021513861
12:05 Feudal Age
17:17 Castle Age
16:44 Double-Bit Axe
21:12 Bow Saw
22:09 Wheelbarrow
23:25 Loom
24:07 Gold Mining
25:10 Stone Mining
27:55 Scale Barding Armor
28:08 Hand Cart
28:36 Scale Mail Armor
33:02 Imperial Age
31:46 Gold Shaft Mining
32:04 Chain Mail Armor
32:30 Town Watch
33:08 Chain Barding Armor
33:31 Cavalier
34:46 Plate Mail Armor
34:15 Capped Ram
Big Jim
7:30 Loom
10:18 Feudal Age
22:20 Castle Age
20:55 Scale Barding Armor
20:43 Double-Bit Axe
23:39 Chain Barding Armor
23:46 Bow Saw
24:12 Bloodlines
28:10 Stone Mining
32:03 Forging
Skinny Sinny
13:23 Feudal Age
17:11 Horse Collar
19:18 Gold Mining
19:18 Stone Mining
20:47 Man-at-Arms
F_Cisneros_O.F.M
5:17 Loom
12:17 Feudal Age
13:00 Gold Mining
14:11 Bloodlines
14:00 Stone Mining
16:42 Horse Collar
19:29 Double-Bit Axe
25:46 Castle Age
26:54 Fletching
27:04 Padded Archer Armor
28:11 Heavy Plow
28:00 Town Watch
28:22 Husbandry
27:43 Light Cavalry
30:43 Forging
30:38 Scale Barding Armor
34:45 Wheelbarrow
Connection lost

Rejoining the realm…

Still unreachable

The connection could not be restored.

Session expired

The server has moved on; the page needs a fresh start.